 Dungeon Crawl Stone Soup version 0.31.0-12-g77e489cdc1 (webtiles) character file.

Game seed: 6486687330525236257

770 Gadfly the Trooper (level 7, -8/44 HPs)
             Began as a Gargoyle Fighter on Mar 1, 2024.
             Killed from afar by an acid dragon (26 damage)
             ... with a splash of acid
             ... on level 5 of the Dungeon.
             The game lasted 00:07:56 (3797 turns).

Gadfly the Trooper (Gargoyle Fighter)               Turns: 3797, Time: 00:07:57

Health: -8/44      AC: 16    Str: 16 (19) XL:     7   Next: 83%
Magic:  10/10      EV:  7    Int:  8 (9)  God:
Gold:   1539       SH:  5    Dex: 12 (14) Spells: 6/6 levels left

rFire   . . .        b - +1 short sword (venom)
rCold   . . .        c - +0 buckler
rNeg    + . .        o - +0 chain mail
rPois   ∞            l - +0 helmet
rElec   +            i - +0 cloak
rCorr   .            (no gloves)
SInv    .            (no boots)
Will    .....        f - amulet of Mysticism {Faith rPois Dex+3} Stlth
                     (no ring)
HPRegen 0.27/turn    (no ring)
MPRegen 0.12/turn

%: faith
@: studying Invocations
A: sickness immunity, AC +4, negative energy resistance 1, electricity
resistance, torment resistance 1, petrification resistance
a: no special abilities


You were on level 5 of the Dungeon.
You visited 1 branch of the dungeon, and saw 5 of its levels.

You collected 1539 gold pieces.

Inventory:

Hand Weapons
 a - a +1 flail
 b - a +1 short sword of venom (weapon)
 n - a +1 whip of holy wrath
Armour
 c - a +0 buckler (worn)
 i - a +0 cloak (worn)
 l - a +0 helmet (worn)
 o - a +0 chain mail (worn)
Jewellery
 f - the amulet of Mysticism (around neck) {Faith rPois Dex+3}
   (You acquired it on level 5 of the Dungeon)

   [amulet of faith]

   Faith:     It allows you to gain divine favour quickly.
   Dex+3:     It affects your dexterity (+3).
   rPois:     It protects you from poison
 h - an amulet of reflection
Wands
 g - a wand of polymorph (19)
 j - a wand of quicksilver (3)
Scrolls
 e - 2 scrolls of teleportation
 k - a scroll of brand weapon {unknown}
 p - 3 scrolls of enchant weapon
 q - 3 scrolls of fog
Potions
 d - a potion of might


   Skills:
 + Level 4.6 Fighting
 * Level 4.3 Maces & Flails
 + Level 4.5 Armour
 + Level 4.5 Shields
 + Level 4.6 Invocations
 * Level 3.3 Evocations


You had 6 spell levels left.
You didn't know any spells.
Your spell library contained the following spells:

 Spells                   Type           Power      Damage    Failure   Level
 Dazzling Flash           Conj/Hex       0%         N/A       100%        3
 Volatile Blastmotes      Fire/Tloc      0%         2d10      100%        3
 Anguish                  Hex/Necr       0%         N/A       100%        4
 Cause Fear               Hex            0%         N/A       100%        4
 Silence                  Hex/Air        0%         N/A       100%        5
 Yara's Violent Unravell  Hex/Alch       0%         3d3       100%        5
 Starburst                Conj/Fire      0%         6d3       100%        6
 Enfeeble                 Hex            0%         N/A       100%        7
 Maxwell's Capacitive Co  Air            0%         ∞         100%        8


Dungeon Overview and Level Annotations

Branches:
Dungeon (5/15)
 Temple: D:4-7

Altars:


Innate Abilities, Weirdness & Mutations

You are immune to sickness and miasma.
Your stone body is resilient. (AC +4)
You are immune to poison.
You resist negative energy. (rN+)
You are resistant to electric shocks. (rElec)
You are resistant to unholy torment.
You are immune to petrification.


Message History

The acid dragon bites you but does no damage.
The acid dragon claws you but does no damage.
You hit the acid dragon.
The acid dragon is lightly wounded.
The acid dragon barely misses you.
The acid dragon claws you but does no damage.
You completely miss the acid dragon.
The acid dragon is lightly wounded.
The acid dragon spits acid at you. The splash of acid hits you!!
Ouch! That really hurt!
You are too injured to fight recklessly!
You are too injured to fight recklessly!
You are too injured to fight recklessly!
You are too injured to fight recklessly!
You are too injured to fight recklessly!
You are too injured to fight recklessly!
You are too injured to fight recklessly!
You are too injured to fight recklessly!
You are too injured to fight recklessly!
You are too injured to fight recklessly!
You are too injured to fight recklessly!
You are too injured to fight recklessly!
You are too injured to fight recklessly!
You are too injured to fight recklessly!
You are too injured to fight recklessly!
You are too injured to fight recklessly!
You are too injured to fight recklessly!
Unknown command.
You are too injured to fight recklessly!
You hit the acid dragon but do no damage.
The acid dragon is lightly wounded.
The acid dragon bites you but does no damage.
You block the acid dragon's attack.
You hit the acid dragon.
The acid dragon is poisoned.
The acid dragon is moderately wounded.
The acid dragon spits acid at you. The splash of acid hits you!!
Ouch! That really hurt!
You die...

#.........##.##..#.#
#.#######.##.##.>#.#
###. .######.##.##....##
... ..##..........#..#
#.. #.##.###..##.....#
####.##.##.# #..........
#..........###.####...##
..........<....# #...##
......D@..<...# #.....
..#..##.############...#
# #.).)).......##...#
........#########.##...#
#.#.##.## #.##...# # #.
#######.##..). ?.
............)# ...
.............# .##.
..#####.#.)###


You could see an acid dragon (very poisoned, catching breath).

Vanquished Creatures
  Duvessa (D:4)
  A phantom (D:3)
  A scorpion (D:5)
  Dowan (D:3)
  A howler monkey (D:5)
  2 orc priests (D:5)
  Crazy Yiuf (D:2)
  2 hounds
  Terence (D:2)
  An iguana (D:4)
  2 orc wizards (D:5)
  Robin (D:2)
  6 adders
  3 dart slugs
  A ribbon worm (D:5)
  13 orcs
  5 bats
  An endoplasm (D:1)
  4 giant cockroaches
  17 goblins
  12 hobgoblins
  13 jackals
  3 quokkas
  8 ball pythons
  2 frilled lizards (D:1)
  5 kobolds
  6 rats
114 creatures vanquished.

Notes
Turn   | Place    | Note
-------+----------+-------------------------------------------
     0 | D:1      | Gadfly the Gargoyle Fighter began the quest for the Orb.
     0 | D:1      | Reached XP level 1. HP: 14/14 MP: 1/1
   218 | D:1      | Reached XP level 2. HP: 19/19 MP: 2/2
   434 | D:1      | Reached skill level 1 in Invocations
   526 | D:1      | Reached XP level 3. HP: 23/23 MP: 3/3
   700 | D:1      | Reached skill level 1 in Evocations
  1097 | D:2      | Noticed Robin
  1114 | D:2      | Reached XP level 4. HP: 25/28 MP: 5/5
  1137 | D:2      | Killed Robin
  1198 | D:2      | Got the Anthology of Mutated Ensorcelling
  1404 | D:2      | Noticed Terence
  1415 | D:2      | Killed Terence
  1526 | D:2      | Found a runed translucent door.
  1527 | D:2      | Noticed Crazy Yiuf
  1960 | D:2      | Killed Crazy Yiuf
  1961 | D:2      | Reached XP level 5. HP: 28/33 MP: 6/6
  2251 | D:3      | You fall into a shaft and drop 2 floors!
  2251 | D:5      | Entered Level 5 of the Dungeon
  2351 | D:5      | HP: 1/33 [orc priest/divine providence (8)]
  2365 | D:5      | Reached XP level 6. HP: 35/38 MP: 8/8
  2366 | D:5      | Identified 3 scrolls of acquirement
  2366 | D:5      | Acquired the amulet of Mysticism {Faith rPois Dex+3}
  2368 | D:5      | Acquired a manual of Invocations
  2451 | D:5      | Noticed an acid dragon
  2725 | D:3      | Reached XP level 7. HP: 43/43 MP: 9/9
  3029 | D:3      | Acquired 1246 gold pieces
  3062 | D:4      | Noticed Duvessa
  3065 | D:4      | Noticed Dowan
  3070 | D:4      | Killed Duvessa
  3143 | D:3      | Killed Dowan
  3797 | D:5      | Killed from afar by an acid dragon

Illustrated notes

Levels and vault maps discovered:
D:1:      co_arrival_hexagon_in_a_hexagon, layout_basic
D:2:      layout_loops_corners, serial_park_tiny_pond, uniq_crazy_yiuf_cottage,
          uniq_terence, uniq_robin
D:3:      layout_loops_ring
D:4:      layout_rooms, chequers_serial_rivers_micro_a, uniq_ijyb, uniq_duvessa
D:5:      layout_loops_ring

Skill      XL: |  1  2  3  4  5  6  7 |
---------------+----------------------+-----
Invocations    | 1 2 3 4 |  4.6
Evocations     | 1 2 3 |  3.3
Maces & Flails | 3 4 |  4.3
Fighting       | 4 |  4.6
Armour         | 4 |  4.5
Shields        | 4 |  4.5

Action                     |  1- 3 |  4- 6 |  7- 9 || total
---------------------------+-------+-------+-------++-------
  Melee: Flail             |    65 |     8 |    48 ||   121
         Short sword       |    34 |   174 |    82 ||   290
         Unarmed           |       |       |    17 ||    17
    Use: Scroll            |     5 |     5 |     1 ||    11
         Potion            |       |     6 |     3 ||     9
 Armour: Scale mail        |    73 |    24 |       ||    97
         Chain mail        |       |   101 |   115 ||   216
         Skin              |       |       |    13 ||    13
  Dodge: Dodged            |    53 |    52 |    60 ||   165
  Block: Buckler           |    40 |    65 |    36 ||   141
         Reflection        |       |     4 |       ||     4
